 Dungeon Crawl Stone Soup version 0.29-a0-559-g359e09b9d1 (webtiles) character file.

Game seed: 3857779314463653495

843 KristoblXynda the Ruffian (level 7, -4/88 HPs)
             Began as a Troll Hedge Wizard on June 10, 2022.
             Was an Initiate of Cheibriados.
             Slain by an iguana (9 damage)
             ... on level 5 of the Dungeon.
             The game lasted 00:03:40 (3459 turns).

KristoblXynda the Ruffian (Troll Hedge Wizard)      Turns: 3459, Time: 00:03:40

Health: -4/88      AC:  4    Str: 20    XL:     7   Next: 68%
Magic:  9/9        EV:  9    Int: 13    God:    Cheibriados [......]
Gold:   326        SH:  0    Dex: 10    Spells: 9/10 levels left

rFire   . . .      SeeInvis .     - Unarmed
rCold   . . .      Faith    .   (no shield)
rNeg    + . .      Spirit   .   b - +0 robe
rPois   .          Reflect  .   c - +0 hat
rElec   .          Harm     .   (no cloak)
rCorr   .          Rampage  .   (gloves unavailable)
Will    .....                   (boots unavailable)
Stlth   ..........              (no amulet)
HPRegen 1.04/turn               h - ring of positive energy
MPRegen 0.11/turn               (no ring)

@: berserking (expiring), very slow
A: large, unfitting armour, claws 3, regeneration 1, shaggy fur 1, tough skin 1
a: Renounce Religion


You were on level 5 of the Dungeon.
You worshipped Cheibriados.
Cheibriados was noncommittal.
You visited 2 branches of the dungeon, and saw 6 of its levels.

You collected 326 gold pieces.

Inventory:

Armour
 b - a +0 robe (worn)
 c - a +0 hat (worn)
Jewellery
 h - a ring of positive energy (left claw)
Wands
 g - a wand of iceblast (12)
 l - a wand of paralysis (8)
Scrolls
 a - a scroll of enchant weapon
 f - a scroll of immolation {unknown}
 i - 5 scrolls of teleportation
 m - a scroll of amnesia {unknown}
 n - a scroll of noise {unknown}
 o - a scroll of torment {unknown}
 p - a scroll of poison {unknown}
Potions
 d - a potion of magic
 e - 2 potions of berserk rage
 j - 2 potions of curing
 k - a potion of resistance {unknown}


   Skills:
 - Level 1.5 Dodging
 - Level 1.0 Stealth
 + Level 6.0 Unarmed Combat
 - Level 2.0 Spellcasting
 + Level 4.6 Conjurations
 - Level 0.6 Summonings
 - Level 0.6 Translocations


You had 9 spell levels left.
You knew the following spells:

 Your Spells              Type           Power      Damage    Failure   Level
a - Magic Dart            Conj           52%        1d5       3%          1

Your spell library contained the following spells:

 Spells                   Type           Power      Damage    Failure   Level
 Summon Small Mammal      Summ           8%         N/A       21%         1
 Sandblast                Erth           2%         2d4       26%         1
 Slow                     Hex            4%         N/A       26%         1
 Blink                    Tloc           4%         N/A       30%         2
 Call Imp                 Summ           2%         N/A       30%         2
 Conjure Flame            Conj/Fire      7%         6-21      30%         3
 Stone Arrow              Conj/Erth      14%        3d7       30%         3
 Ensorcelled Hibernation  Hex/Ice        2%         N/A       36%         2
 Passwall                 Tmut/Erth      0%         N/A       36%         2
 Sublimation of Blood     Necr           1%         N/A       36%         2
 Wereblood                Tmut           1%         N/A       36%         2
 Mephitic Cloud           Conj/Pois/Air  5%         N/A       38%         3
 Swiftness                Air            1%         N/A       58%         3
 Summon Ice Beast         Ice/Summ       2%         N/A       92%         4
 Summon Mana Viper        Hex/Summ       2%         N/A       99%         5
 Monstrous Menagerie      Summ           1%         N/A       100%        7
 Summon Hydra             Summ           1%         N/A       100%        7


Dungeon Overview and Level Annotations

Branches:
Dungeon (5/15)             Temple (1/1) D:5

Altars:
Ashenzari
Cheibriados
Dithmenos
Elyvilon
Fedhas
Gozag
Hepliaklqana
Kikubaaqudgha
Makhleb
Nemelex Xobeh
Okawaru
Qazlal
Ru
Sif Muna
Trog
Uskayaw
Vehumet
Wu Jian
Xom
Yredelemnul
Zin
The Shining One

Shops:
D:2 *   D:3 (


Innate Abilities, Weirdness & Mutations

You are too large for most types of armour.
You have claws for hands.
Your natural rate of healing is unusually fast.
You are covered in fur. (AC +1)
You have tough skin. (AC +1)


Message History

Unknown command.
You barely miss the iguana. The iguana misses you.
The iguana barely misses you.
You barely miss the iguana.
The iguana is almost dead.
The iguana bites you. The iguana bites you!
* * * LOW HITPOINT WARNING * * *
You scratch the iguana but do no damage.
The iguana bites you!
* * * LOW HITPOINT WARNING * * *
The iguana misses you.
Unknown command.
You feel better. The iguana bites you.
* * * LOW HITPOINT WARNING * * *
The iguana bites you.
* * * LOW HITPOINT WARNING * * *
You feel better. The iguana misses you.
The iguana bites you but does no damage.
A red film seems to cover your vision as you go berserk!
Cheibriados forces you to slow down.
You feel mighty! The iguana barely misses you. The iguana bites you!
* * * LOW HITPOINT WARNING * * *
You closely miss the iguana. You completely miss the iguana.
The iguana is almost dead.
The iguana closely misses you. The iguana bites you!
* * * LOW HITPOINT WARNING * * *
You barely miss the iguana. The iguana bites you.
* * * LOW HITPOINT WARNING * * *
The iguana closely misses you.
You closely miss the iguana.
The iguana is almost dead.
The iguana bites you.
* * * LOW HITPOINT WARNING * * *
The iguana bites you.
* * * LOW HITPOINT WARNING * * *
You scratch the iguana.
The iguana is moderately wounded.
The iguana completely misses you. The iguana bites you!
You die...

#...# #########.##.#...
#.##.#... ##############
#.##.#### .........#...#
#..#.#### .........#...#
##......# .........#...#
#......# .........#...#
#......# ......l..#...#
#......#
......l@.#...####......#
##.................>...#
######.##...####......#
#.#.....<..#######
#.#†####.#.# #.#.# #.#.#
#.#.# #.#.# #.#.# #.#.#
#.# #.#.#


You could see 2 iguanas.

Vanquished Creatures
  2 black bears (D:5)
  An ice beast (D:5)
  An ogre (D:5)
  A phantom (D:4)
  3 scorpions (D:5)
  2 orc priests
  A jelly (D:5)
  An orc wizard (D:4)
  4 adders
  3 worms
  2 dart slugs
  5 orcs
  6 endoplasms
  A giant cockroach (D:1)
  9 goblins
  6 hobgoblins
  7 jackals
  3 quokkas
  4 ball pythons
  5 bats
  2 frilled lizards (D:2)
  9 kobolds
  5 rats
83 creatures vanquished.

Notes
Turn   | Place    | Note
-------+----------+-------------------------------------------
     0 | D:1      | KristoblXynda the Troll Hedge Wizard began the quest for
                  | the Orb.
     0 | D:1      | Reached XP level 1. HP: 16/16 MP: 2/2
    24 | D:1      | Reached skill level 1 in Conjurations
   116 | D:1      | Reached skill level 1 in Unarmed Combat
   122 | D:1      | Reached XP level 2. HP: 23/24 MP: 4/4
   253 | D:1      | Found a faded altar of an unknown god.
   270 | D:1      | Got Plato's Volume of Summoning
   661 | D:2      | Found Xijoy's Assorted Antiques.
   781 | D:2      | Reached XP level 3. HP: 31/31 MP: 5/5
   827 | D:2      | Reached skill level 2 in Unarmed Combat
  1314 | D:3      | Reached XP level 4. HP: 39/39 MP: 6/6
  1541 | D:3      | Found a broken altar of Ashenzari.
  1564 | D:3      | Found Beegon's Antique Weapon Emporium.
  2022 | D:4      | Reached skill level 3 in Unarmed Combat
  2040 | D:4      | Reached XP level 5. HP: 20/45 MP: 7/7
  2378 | D:4      | Noticed a phantom
  2390 | D:4      | Killed a phantom
  2391 | D:4      | Reached skill level 4 in Unarmed Combat
  2604 | D:5      | Entered Level 5 of the Dungeon
  2654 | D:5      | Reached XP level 6. HP: 24/53 MP: 8/8
  2969 | D:5      | Noticed an ice beast
  3022 | D:5      | Found a staircase to the Ecumenical Temple.
  3031 | D:5      | Reached skill level 5 in Unarmed Combat
  3031 | D:5      | Reached XP level 7. HP: 38/59 MP: 9/9
  3054 | Temple   | Entered the Ecumenical Temple
  3303 | Temple   | Became a worshipper of Cheibriados the Contemplative
  3440 | D:5      | Reached skill level 6 in Unarmed Combat
  3458 | D:5      | HP: 4/88 [iguana (4)]
  3459 | D:5      | Slain by an iguana

Illustrated notes

Levels and vault maps discovered:
D:1:      lightli_arrival_statuegarden, layout_rooms,
          shapermc_ecumenical_altar_rom_forum
D:2:      layout_loops_ring, serial_shops, shop
D:3:      layout_basic, nicolae_overflow_crystal_walls, serial_shops,
          nicolae_shop_advertising_works [nicolae_subvault_shop_adworks],
          minmay_misc_feat_nine_boxes
D:4:      layout_loops_ring
D:5:      layout_basic, minmay_temple_entry_slanted
Temple:   mainiacjoe_temple_hex_bubbles

Skill      XL: |  1  2  3  4  5  6  7 |
---------------+----------------------+-----
Conjurations   | 1 2 3 4 |  4.6
Unarmed Combat | 1 2 3 4 5 6 |  6.0
Dodging        | |  1.5
Stealth        | |  1.0
Spellcasting   | |  2.0
Summonings     | |  0.6
Translocations | |  0.6

Action                   |  1- 3 |  4- 6 |  7- 9 || total
-------------------------+-------+-------+-------++-------
Melee: Unarmed           |    93 |   115 |    42 ||   250
       Punch             |     1 |     4 |     2 ||     7
  Use: Scroll            |       |     5 |       ||     5
       Potion            |       |       |     3 ||     3
 Stab: Sleeping          |     6 |     4 |       ||    10
Armor: Robe              |    29 |    23 |     9 ||    61
Dodge: Dodged            |    40 |    68 |    27 ||   135

Table legend: (Time is in decaauts)
 A = Elapsed time spent in this place.
 B = Non-inter-level travel time spent in this place.
 C = Inter-level travel time spent in this place.
 D = Time resting spent in this place.
 E = Time spent auto-exploring this place.
 F = Levels seen in this place.
 G = Mean time per level.
                   A        B        C        D        E       F      G
               +--------+--------+--------+--------+--------+-----+--------+
         Total |   3470 |   3309 |    161 |    366 |   2334 |   6 |  578.3 |
       Dungeon |   3211 |   3074 |    137 |    366 |   2110 |   5 |  642.2 |
        Temple |    258 |    234 |     24 |      0 |    224 |   1 |  258.0 |
               +--------+--------+--------+--------+--------+-----+--------+

Top non-repeatable levels by time:
     D:4: 747 daAuts
     D:3: 679 daAuts
     D:5: 616 daAuts
     D:2: 608 daAuts
     D:1: 560 daAuts
  Temple: 258 daAuts
